 Dungeon Crawl Stone Soup version 0.26-a0-651-gb41185065b (webtiles) character file.

Game seed: 2406276700337498461

279266 Flugslaktarn the Severer (level 19, -9/173 HPs)
             Began as a Deep Dwarf Fighter on Oct 5, 2020.
             Was the Champion of Makhleb.
             Mangled by an Orb Guardian (21 damage)
             ... while paralysed by a Zot trap
             ... on level 5 of the Realm of Zot.
             The game lasted 00:20:40 (20220 turns).

Flugslaktarn the Severer (Deep Dwarf Fighter)      Turns: 20220, Time: 00:20:41

Health: -9/173     AC: 37    Str: 27 (29) XL:     19   Next: 22%
Magic:  0/11       EV:  2    Int:  9 (10) God:    Makhleb [******]
Gold:   2096       SH:  0    Dex: 18 (19) Spells: 18/18 levels left

rFire    + . .     SeeInvis .   b - +5 broad axe
rCold    + . .     Faith    +   I - +2 kite shield {reflect}
rNeg     + . .     Spirit   .   H - +5 plate armour of Dithmenos's Whim {rF- Regen+ Dex+4 Slay+2}
rPois    +         Reflect  +   f - +2 helmet
rElec    .         Harm     .   s - scarf {rC+ rF+}
rCorr    .         Rampage  .   Q - +1 pair of gloves "Qiken" {*Contam rPois rF+ Dex+5}
MR       ++...                  l - +2 pair of boots
Stlth    ..........             D - amulet of faith
HPRegen  0.00/turn              v - +4 ring of evasion
MPRegen  0.12/turn              p - +4 ring of protection

@: paralysed, about to teleport, non-regenerating, hasted
A: damage resistance, heal wounds, claws 1, repulsion field 1, molten scales 1,
clumsy 1, frail 1, negative energy resistance 1, sense surroundings 3, strong 1,
no potion heal 1, no regeneration
0: Orb of Zot
}: 3/15 runes: decaying, abyssal, gossamer
a: Heal Wounds, Minor Destruction, Lesser Servant of Makhleb, Major Destruction,
Greater Servant of Makhleb, Renounce Religion


You were on level 5 of the Realm of Zot.
You worshipped Makhleb.
Makhleb was exalted by your worship.
You visited 7 branches of the dungeon, and saw 37 of its levels.
You visited the Abyss 1 time.

You collected 2356 gold pieces.
You spent 260 gold pieces at shops.

Inventory:

Hand Weapons
 b - a +5 broad axe (weapon)
   (You found it on level 4 of the Dungeon)
Missiles
 E - 2 throwing nets (quivered)
Armour
 f - a +2 helmet (worn)
   (You took it off Robin on level 4 of the Dungeon)
 l - a +2 pair of boots (worn)
   (You found it on level 6 of the Dungeon)
 s - a scarf of resistance (worn)
   (You found it on level 7 of the Dungeon)
 y - a +0 plate armour
   (You found it on level 7 of the Dungeon)
 H - the +5 plate armour of Dithmenos's Whim (worn) {rF- Regen+ Dex+4 Slay+2}
   (You found it on level 9 of the Dungeon)

   It affects your dexterity (+4).
   It affects your accuracy and damage with ranged weapons and melee attacks
   (+2).
   It makes you vulnerable to fire.
   It increases your rate of regeneration.
 I - a +2 kite shield of reflection (worn)
   (You took it off a tengu warrior on level 13 of the Dungeon)
 Q - the +1 pair of gloves "Qiken" (worn) {*Contam rPois rF+ Dex+5}
   (You found it on level 2 of the Orcish Mines)

   It affects your dexterity (+5).
   It protects you from fire.
   It protects you from poison.
   It causes magical contamination when unequipped.
Jewellery
 a - a +4 ring of protection
   (You found it on level 1 of the Depths)
 k - an uncursed ring of resist corrosion
   (You found it on level 8 of the Dungeon)
 o - an uncursed ring of poison resistance
   (You found it on level 7 of the Dungeon)
 p - a +4 ring of protection (right hand)
   (You found it on level 8 of the Dungeon)
 v - a +4 ring of evasion (left hand)
   (You found it on level 7 of the Dungeon)
 D - an amulet of faith (around neck)
   (You found it on level 1 of the Depths)
 N - an uncursed amulet of reflection {unknown}
   (You found it on level 2 of the Depths)
 P - an uncursed ring of see invisible
   (You found it on level 15 of the Dungeon)
 R - an uncursed amulet of the acrobat {unknown}
   (You found it on level 5 of the Depths)
Wands
 e - a wand of iceblast (17)
   (You found it on level 12 of the Dungeon)
 m - a wand of acid (20)
   (You found it on level 7 of the Dungeon)
 J - a wand of paralysis (19)
   (You took it off an orc on level 9 of the Dungeon)
Scrolls
 c - a scroll of fog
 j - 5 scrolls of fear
 r - 6 scrolls of identify
 t - 10 scrolls of teleportation
 x - 16 scrolls of remove curse
 K - 7 scrolls of immolation
 L - a scroll of silence
 O - a scroll of magic mapping
Potions
 d - 2 potions of might
 g - 3 potions of magic
 h - 4 potions of haste
 i - 6 potions of lignification
 n - a potion of resistance
 q - 10 potions of curing
 u - a potion of cancellation
 w - 7 potions of heal wounds
 A - 3 potions of flight
 B - 2 potions of berserk rage
 G - 3 potions of ambrosia
 M - a potion of mutation
Miscellaneous
 C - a tin of tremorstones (3/3)
   (You found it on level 10 of the Dungeon)
 F - a condenser vane (2/2)
   (You bought it in a shop on level 9 of the Dungeon)


   Skills:
 * Level 17.5 Fighting
 - Level 18.0 Axes
 + Level 15.2 Armour
 - Level 5.0 Dodging
 + Level 15.2 Shields
 - Level 15.0 Invocations
 - Level 10.0 Evocations


You had 18 spell levels left.
You didn't know any spells.
Your spell library was empty.

Dungeon Overview and Level Annotations

Branches:
Dungeon (15/15)            Temple (0/1) D:7            Lair (2/6) D:8
  Swamp (4/4) Lair:2       Spider (4/4) Lair:2          Orc (2/2) D:9
    Elf (0/3) Orc:2        Vaults (0/5) D:13         Depths (5/5) D:15
    Zot (5/5) Depths:5

Altars:
Ashenzari
Dithmenos
Fedhas
Gozag
Hepliaklqana
Kikubaaqudgha
Makhleb
Nemelex Xobeh
Qazlal
Sif Muna
Trog
Uskayaw
Wu Jian
Xom
Yredelemnul
The Shining One
Beogh

Shops:
D:9 }   D:12 }   D:15 :   Orc:2 (((:   Depths:4 *

Portals:
Hell: Depths:1
Pandemonium: Depths:3

Annotations:
D:3 exclusion: door
D:7 1 runed translucent door, p0werm0de's ghost, novice GrFi
D:9 exclusion: oklob plant
Depths:1 Mara


Innate Abilities, Weirdness & Mutations

You are resistant to damage.
You can heal yourself by infusing magical energy.
You resist negative energy. (rN+)
You passively map a large area around you.
You do not regenerate.
You have sharp fingernails.
You are surrounded by a mild repulsion field. (EV +2)
You are partially covered in molten scales. (AC +2)
You are clumsy. (Dex -2)
You are frail. (-10% HP)
Your muscles are strong. (Str +2)
Potions are less effective at restoring your health.


Message History

You hear a loud "Zot"!
The power of Zot is invoked against you!
You suddenly lose the ability to move!
The Orb Guardian hits you! The Orb Guardian barely misses you.
The Orb Guardian hits you!!
The Orb Guardian hits you but does no damage.
The Orb Guardian hits you but does no damage.
The Orb Guardian hits you! x2; The Orb Guardian hits you.
The Orb Guardian completely misses you. The Orb Guardian hits you!
The Orb Guardian hits you. The Orb Guardian hits you!
* * * LOW HITPOINT WARNING * * *
The Orb Guardian hits you!
* * * LOW HITPOINT WARNING * * *
The Orb Guardian hits you!!
* * * LOW HITPOINT WARNING * * *
The Orb Guardian hits you!
* * * LOW HITPOINT WARNING * * *
The Orb Guardian hits you!
* * * LOW HITPOINT WARNING * * *
The Orb Guardian hits you!!
You die...

▓▓▓▓ ,, *▓▓▓.... ,
▓▓▓....... ,, , *
▓▓......... ▓▓▓▓▓▓▓▓▓
▓..p....... , ,
▓▓.......▓▓▓.......... ,
,,,
▓▓....X....▓▓.........^
.▓....XXXX...▓..§..§*...
, ,
......X@XX...[.....p....
, , ,
,.▓....XXX^...▓........^.
,, , ,
▓▓.^..X....▓▓..........
,,
*▓▓^......▓▓▓^......... ,
, ▓▓▓▓▓▓▓▓▓ #...^...... ,
,, * ##......... ,,, ,* *
##▓....... , * * ,, * ***
** *


You could see 12 Orb Guardians.

Vanquished Creatures
  Saint Roka (Depths:1)
  Arachne (Spider:2)
  2 tentacled monstrosities
  3 liches
  A quicksilver dragon (Zot:3)
  2 tentacled starspawn (Abyss:4)
  A thorn hunter (Abyss:4)
  A storm dragon (Depths:4)
  Kirke (Spider:4)
  2 tengu reavers
  3 shadow dragons (Depths:5)
  2 draconian knights
  A frost giant (Depths:2)
  A fire giant (Depths:1)
  4 ghost moths
  6 emperor scorpions
  2 orc warlords
  2 draconian scorchers (Zot:3)
  3 draconian annihilators
  3 very ugly things (Depths:4)
  A spriggan defender (Depths:4)
  5 stone giants
  3 green draconians
  3 entropy weavers
  6 spark wasps
  A red draconian (Zot:3)
  A black draconian (Zot:3)
  The ghost of Enasy the Cleaver, a journeyman MiBe of Trog (D:12)
  3 purple draconians (Zot:3)
  Snorg (Orc:2)
  6 fire dragons
  3 ettins
  A merfolk javelineer (Depths:1)
  Josephine (D:15)
  2 merfolk impalers (Depths:3)
  Harold (D:8)
  3 ogre magi
  6 great orbs of eyes
  11 hydras
  A hydra (shapeshifter) (Depths:1)
  4 ice dragons
  8 alligators
  3 spriggan air magi
  4 centaur warriors
  A ghost crab (Swamp:3)
  3 tengu warriors
  A death knight (D:14)
  3 deep troll shamans (Depths:1)
  17 two-headed ogres
  4 deep troll earth magi (Depths:1)
  6 orc high priests (Orc:2)
  3 thrashing horrors (Abyss:4)
  5 spriggan berserkers
  Sonja (Orc:2)
  A deep elf knight (D:12)
  9 spriggans
  3 wretched stars (Abyss:4)
  A fire crab (Swamp:4)
  A fire crab (shapeshifter) (Depths:1)
  10 deep trolls (Depths:1)
  8 unseen horrors
  3 starcursed masses (Abyss:4)
  5 swamp dragons
  A death drake (shapeshifter) (Depths:2)
  A lindwurm (Swamp:4)
  4 orc knights
  4 orc sorcerers
  14 orb spiders
  41 ugly things
  2 deep elf magi (D:12)
  A manticore (D:15)
  17 wolf spiders
  A shining eye (shapeshifter) (Depths:1)
  3 cyclopes
  A worldbinder (Abyss:4)
  A centaur zombie (D:14)
  4 moths of wrath
  2 apocalypse crabs (Abyss:4)
  An orange demon (Abyss:3)
  A torpor snail (shapeshifter) (D:13)
  A black mamba (shapeshifter) (D:13)
  A gargoyle (D:14)
  2 torpor snails
  A cane toad (Lair:2)
  2 efreet
  4 demonic crawlers
  13 yaktaurs
  3 tengu conjurers
  A harpy zombie (D:15)
  11 trolls
  An ancient zyme (Abyss:4)
  5 tyrant leeches
  A wind drake (shapeshifter) (D:13)
  17 jumping spiders
  A meliai (shapeshifter) (D:15)
  10 hornets
  A raiju (shapeshifter) (Depths:2)
  9 blink frogs
  Grinder (D:5)
  7 bog bodies
  24 slime creatures
  A blink frog (shapeshifter) (D:13)
  4 hippogriffs
  5 large abominations
  56 redbacks
  6 water elementals
  8 wraiths
  3 shadows
  A vampire (D:14)
  28 tarantellas
  4 wyverns
  3 basilisks
  28 yaks
  Sigmund (D:4)
  11 vampire mosquitoes
  Grum (D:8)
  2 neqoxecs
  4 hogs (Spider:4)
  Menkaure (D:4)
  A steam dragon (Swamp:4)
  2 chaos spawn (Depths:4)
  10 wargs
  14 insubstantial wisps
  7 swamp worms
  A water moccasin (shapeshifter) (Depths:1)
  A soldier ant (D:13)
  2 acid dragons
  5 porcupines
  8 swamp drakes (Swamp:4)
  4 water moccasins
  2 black bears
  4 ice beasts
  4 small abominations (Depths:4)
  47 orc warriors
  5 sky beasts
  19 ogres
  A black bear (shapeshifter) (Depths:1)
  2 phantoms
  15 centaurs
  4 wolves (D:8)
  A crocodile (Lair:2)
  2 big kobolds
  11 bullfrogs
  A water moccasin zombie (D:9)
  An earth elemental (Abyss:4)
  A wyvern zombie (D:13)
  3 scorpions
  6 killer bees (D:9)
  17 wights
  4 howler monkeys
  An electric eel (Spider:4)
  8 hounds
  A bullfrog zombie (D:13)
  A lava snake (Swamp:4)
  2 quasits
  28 orc priests
  4 bullfrog skeletons
  4 jellies
  Crazy Yiuf (D:3)
  7 centaur skeletons
  25 orc wizards
  2 iguanas
  8 worker ants
  A howler monkey zombie (D:9)
  Robin (D:4)
  3 gnolls (D:3)
  17 adders
  4 white imps
  2 ufetubi (D:7)
  An adder zombie (D:8)
  5 worms
  2 dart slugs (D:1)
  7 leopard geckos
  116 orcs
  9 giant cockroaches
  14 goblins
  9 hobgoblins
  4 quokkas
  4 bats
  2 frilled lizards
  10 kobolds
  9 rats
  2 starspawn tentacles (Abyss:4)
1107 creatures vanquished.

Vanquished Creatures (collateral kills)
  A ghost moth (Spider:4)
  An emperor scorpion (Spider:4)
  3 hydras
  Fannar (D:12)
  An orb spider (Spider:4)
  A wolf spider (Spider:4)
  2 jumping spiders (Lair:2)
  2 redbacks (Spider:4)
  An ogre (D:14)
13 creatures vanquished.

Vanquished Creatures (others)
  2 hydras (Swamp:4)
  A lindwurm (Swamp:4)
  A swamp dragon (Swamp:4)
  An orb spider (Spider:2)
  A yaktaur (Depths:3)
  A jumping spider (Spider:1)
  A redback (Spider:2)
  2 steam dragons (Swamp:4)
  An insubstantial wisp (Swamp:3)
  5 swamp drakes (Swamp:4)
  An orc (Orc:2)
  2 briar patches (Abyss:4)
  12 fungi
  A lurking horror (Abyss:4)
  27 plants
  5 starspawn tentacles (Abyss:4)
64 creatures vanquished.

Grand Total: 1184 creatures vanquished

Notes
Turn   | Place    | Note
-------+----------+-------------------------------------------
     0 | D:1      | Flugslaktarn the Deep Dwarf Fighter began the quest for the
                  | Orb.
     0 | D:1      | Reached XP level 1. HP: 20/20 MP: 1/1
   135 | D:1      | Reached XP level 2. HP: 24/27 MP: 2/2
   339 | D:2      | Reached XP level 3. HP: 23/34 MP: 3/3
   357 | D:2      | Reached skill level 3 in Axes
   439 | D:3      | Reached XP level 4. HP: 42/42 MP: 4/4
   478 | D:3      | Reached XP level 5. HP: 41/50 MP: 5/5
   596 | D:3      | Found a sparkling altar of Nemelex Xobeh.
   598 | D:3      | Found an opulent altar of Gozag.
   658 | D:3      | Found a shimmering blue altar of Sif Muna.
   684 | D:3      | Reached skill level 4 in Axes
   728 | D:3      | Reached XP level 6. HP: 34/57 MP: 6/6
   925 | D:3      | Found a glowing golden altar of the Shining One.
   996 | D:3      | Found a runed translucent door.
   997 | D:3      | Noticed Crazy Yiuf
  1331 | D:3      | Killed Crazy Yiuf
  1412 | D:4      | Reached skill level 5 in Axes
  1467 | D:4      | Noticed Robin
  1484 | D:4      | Killed Robin
  1510 | D:4      | Noticed Menkaure
  1527 | D:4      | Killed Menkaure
  1527 | D:4      | Reached XP level 7. HP: 26/66 MP: 7/7
  1579 | D:4      | Noticed Sigmund
  1587 | D:4      | Killed Sigmund
  1587 | D:4      | Reached skill level 5 in Fighting
  1587 | D:4      | Reached skill level 5 in Armour
  1757 | D:4      | Reached skill level 5 in Shields
  1763 | D:4      | Found a broken altar of Ashenzari.
  1767 | D:4      | Found a burning altar of Makhleb.
  1767 | D:4      | Found a stormy altar of Qazlal.
  1786 | D:4      | Became a worshipper of Makhleb the Destroyer
  1792 | D:4      | Found an ornate altar of the Wu Jian Council.
  1796 | D:4      | Found an ancient bone altar of Kikubaaqudgha.
  1953 | D:4      | Found a shadowy altar of Dithmenos.
  1975 | D:5      | Entered Level 5 of the Dungeon
  1975 | D:5      | Noticed Grinder
  1998 | D:5      | Reached skill level 6 in Axes
  1998 | D:5      | Reached skill level 1 in Invocations
  2003 | D:5      | Killed Grinder
  2003 | D:5      | Reached XP level 8. HP: 46/76 MP: 6/8
  2361 | D:5      | Reached skill level 7 in Axes
  2442 | D:5      | Found a basalt altar of Yredelemnul.
  2492 | D:5      | Reached * piety under Makhleb
  3008 | D:7      | Found a staircase to the Ecumenical Temple.
  3224 | D:7      | Found a runed translucent door.
  3225 | D:7      | Found a shimmering altar of Xom.
  3225 | D:7      | Noticed p0werm0de's ghost (novice GrFi)
  3225 | D:7      | Noticed a +0 short sword of chaos
  3246 | D:7      | Found a hide-covered altar of Uskayaw.
  3247 | D:7      | Noticed a +0 dagger
  3247 | D:7      | Noticed a +0 dagger
  3314 | D:7      | Found a broken altar of Ashenzari.
  3768 | D:8      | Noticed a two-headed ogre
  3778 | D:8      | Killed a two-headed ogre
  3778 | D:8      | Reached skill level 8 in Axes
  3778 | D:8      | Gained mutation: You passively map the area around you.
                  | [Deep Dwarf growth]
  3778 | D:8      | Reached XP level 9. HP: 45/85 MP: 9/11
  3846 | D:8      | Found a staircase to the Lair.
  3990 | D:8      | Reached skill level 5 in Invocations
  4057 | D:8      | Noticed a moth of wrath
  4060 | D:8      | Found a bloodstained altar of Trog.
  4246 | D:8      | Noticed Harold
  4247 | D:8      | Noticed Grum
  4291 | D:8      | Reached skill level 9 in Axes
  4307 | D:8      | Killed Harold
  4307 | D:8      | Reached XP level 10. HP: 41/96 MP: 13/13
  4333 | D:8      | Killed Grum
  4722 | D:9      | Got a jewelled plate armour
  4733 | D:9      | Identified the +5 plate armour of Dithmenos's Whim {rF-
                  | Regen+ Dex+4 Slay+2} (You found it on level 9 of the
                  | Dungeon)
  4745 | D:9      | Found Qoith's Gadget Shop.
  4753 | D:9      | Reached ** piety under Makhleb
  4762 | D:9      | Bought a condenser vane (2/2) for 260 gold pieces
  4847 | D:9      | Paralysed by an orc for 5 turns
  4944 | D:9      | Found a staircase to the Orcish Mines.
  5090 | D:9      | Found a blossoming altar of Fedhas.
  5102 | D:9      | Noticed an oklob plant
  5581 | D:10     | Entered Level 10 of the Dungeon
  5588 | D:10     | Reached skill level 10 in Axes
  6060 | D:10     | Reached *** piety under Makhleb
  6116 | D:10     | Killed an unseen horror
  6116 | D:10     | Reached XP level 11. HP: 41/106 MP: 14/14
  6419 | D:10     | Killed an unseen horror
  6678 | D:11     | Noticed a brown ugly thing
  6687 | D:11     | Killed a brown ugly thing
  7170 | D:12     | Reached skill level 11 in Axes
  7186 | D:12     | Found a hazy altar of Hepliaklqana.
  7248 | D:12     | Reached **** piety under Makhleb
  7307 | D:12     | Found Osoggan's Gadget Boutique.
  7308 | D:12     | Noticed Fannar
  7334 | D:12     | Killed Fannar
  7395 | D:12     | Reached skill level 1 in Evocations
  7445 | D:12     | Killed an unseen horror
  7445 | D:12     | Reached skill level 10 in Fighting
  7474 | D:12     | You fall into a shaft and drop 1 floor!
  7502 | D:13     | Noticed a four-headed hydra
  7502 | D:13     | Noticed a centaur warrior
  7504 | D:13     | Noticed a tengu warrior
  7506 | D:13     | Noticed a tengu warrior
  7538 | D:12     | Killed a centaur warrior
  7538 | D:12     | Reached XP level 12. HP: 44/116 MP: 13/13
  7548 | D:12     | Killed an 11-headed hydra
  7553 | D:12     | Killed a tengu warrior
  7833 | D:12     | Reached skill level 12 in Axes
  7897 | D:12     | Found the +12 glaive of Prune {vorpal}
  7900 | D:12     | Noticed a centaur warrior
  7937 | D:12     | Killed a centaur warrior
  8190 | D:12     | Noticed Enasy's ghost (journeyman MiBe)
  8193 | D:12     | Found a runed translucent door.
  8298 | D:12     | Killed Enasy's ghost
  8673 | D:13     | Found a gate to the Vaults.
  8698 | D:13     | Reached skill level 5 in Evocations
  8744 | D:13     | Reached ***** piety under Makhleb
  9082 | D:13     | Reached XP level 13. HP: 97/127 MP: 11/11
  9120 | D:13     | Reached skill level 10 in Invocations
  9287 | D:13     | Reached skill level 13 in Axes
  9393 | D:14     | Reached skill level 10 in Armour
  9561 | D:14     | Reached skill level 10 in Shields
 10086 | D:15     | Entered Level 15 of the Dungeon
 10096 | D:15     | Noticed Josephine
 10118 | D:15     | Killed Josephine
 10315 | D:15     | Found Leweep's Book Emporium.
 10452 | D:15     | Reached skill level 1 in Dodging
 10496 | D:15     | Noticed a fire dragon
 10683 | Lair:1   | Entered Level 1 of the Lair of Beasts
 10727 | Lair:1   | Gained mutation: You resist negative energy. (rN+) [Deep
                  | Dwarf growth]
 10727 | Lair:1   | Reached XP level 14. HP: 138/138 MP: 13/13
 10759 | Lair:1   | Reached skill level 14 in Axes
 11220 | Lair:2   | Found a staircase to the Swamp.
 11325 | Lair:2   | Found a hole to the Spider Nest.
 11735 | Spider:1 | Entered Level 1 of the Spider Nest
 11745 | Spider:1 | Reached ****** piety under Makhleb
 11947 | Spider:2 | Noticed Arachne
 11959 | Spider:2 | HP: 5/139 [Arachne/uncursed staff of poison (9)]
 11960 | Spider:2 | HP: 1/139 [poisoned by Arachne]
 11992 | Spider:2 | Killed Arachne
 12024 | Spider:2 | Noticed an emperor scorpion
 12064 | Spider:1 | Killed an emperor scorpion
 12077 | Spider:1 | Gained mutation: You are partially covered in large bone
                  | plates. (SH +4) [potion of mutation]
 12077 | Spider:1 | Gained mutation: You are dopey. (Int -2) [potion of
                  | mutation]
 12077 | Spider:1 | Gained mutation: You are partially covered in thin metallic
                  | scales. (AC +2) [potion of mutation]
 12591 | Spider:4 | Entered Level 4 of the Spider Nest
 12592 | Spider:4 | Noticed an emperor scorpion
 12607 | Spider:4 | Reached XP level 15. HP: 146/146 MP: 11/11
 12664 | Spider:4 | Reached skill level 15 in Axes
 12731 | Spider:4 | Noticed Kirke
 12756 | Spider:4 | Killed Kirke
 12777 | Spider:4 | Killed a ghost moth
 12825 | Spider:4 | Reached skill level 5 in Dodging
 13088 | Spider:4 | Killed a ghost moth
 13094 | Spider:4 | Killed a ghost moth
 13094 | Spider:4 | Reached skill level 10 in Evocations
 13101 | Spider:4 | Killed a ghost moth
 13196 | Spider:4 | Got a gossamer rune of Zot
 13541 | Orc:1    | Entered Level 1 of the Orcish Mines
 13541 | Orc:1    | Found a roughly hewn altar of Beogh.
 13571 | Orc:1    | Paralysed by an orc sorcerer for 3 turns
 13653 | Orc:1    | Noticed an orc warlord
 13678 | Orc:1    | Killed an orc warlord
 13848 | Orc:2    | Entered Level 2 of the Orcish Mines
 13848 | Orc:2    | Noticed Sonja
 13856 | Orc:2    | Killed Sonja
 14098 | Orc:2    | Noticed Snorg
 14111 | Orc:2    | Killed Snorg
 14111 | Orc:2    | Reached XP level 16. HP: 147/158 MP: 13/13
 14160 | Orc:2    | Got a pair of ancient gloves
 14178 | Orc:2    | Identified the +1 pair of gloves "Qiken" {*Contam rPois rF+
                  | Dex+5} (You found it on level 2 of the Orcish Mines)
 14339 | Orc:2    | Found a staircase to the Elven Halls.
 14490 | Orc:2    | Reached skill level 16 in Axes
 14507 | Orc:2    | Found Samokk's Weapon Shoppe.
 14624 | Orc:2    | Found a roughly hewn altar of Beogh.
 14664 | Orc:2    | Gained mutation: You are very dopey. (Int -4) [a neqoxec]
 14688 | Orc:2    | Found Wilaefih's Antique Weapon Emporium.
 14829 | Orc:2    | Found a roughly hewn altar of Beogh.
 14930 | Orc:2    | Found Ehinim's Weapon Boutique.
 14950 | Orc:2    | Found Lyokkycy's Book Shop.
 15850 | Swamp:1  | Entered Level 1 of the Swamp
 15911 | Swamp:1  | Found a basalt altar of Yredelemnul.
 16454 | Swamp:4  | Entered Level 4 of the Swamp
 16780 | Swamp:4  | Got a decaying rune of Zot
 17265 | D:15     | Gained mutation: You are occasionally teleported next to
                  | monsters. [mutagenic glow]
 17275 | D:15     | Gained mutation: Armour fits poorly on your strangely
                  | shaped body. [mutagenic glow]
 17325 | D:15     | Lost mutation: You are partially covered in thin metallic
                  | scales. (AC +2) [potion of mutation]
 17325 | D:15     | Lost mutation: Armour fits poorly on your strangely shaped
                  | body. [potion of mutation]
 17325 | D:15     | Gained mutation: Scrolls take you a little longer to read.
                  | [potion of mutation]
 17325 | D:15     | Gained mutation: You have sharp fingernails. [potion of
                  | mutation]
 17326 | D:15     | Lost mutation: Scrolls take you a little longer to read.
                  | [potion of mutation]
 17326 | D:15     | Lost mutation: You are very dopey. (Int -4) [potion of
                  | mutation]
 17326 | D:15     | Gained mutation: You are partially covered in icy blue
                  | scales. (AC +2) [potion of mutation]
 17328 | D:15     | Cast into level 3 of the Abyss (unwielding a weapon of
                  | distortion)
 17333 | Abyss:3  | Lost mutation: You are dopey. (Int -2) [potion of mutation]
 17333 | Abyss:3  | Lost mutation: You are occasionally teleported next to
                  | monsters. [potion of mutation]
 17333 | Abyss:3  | Lost mutation: You are partially covered in icy blue
                  | scales. (AC +2) [potion of mutation]
 17333 | Abyss:3  | Lost mutation: You are partially covered in large bone
                  | plates. (SH +4) [potion of mutation]
 17333 | Abyss:3  | Gained mutation: You possess an exceptional clarity of
                  | mind. [potion of mutation]
 17333 | Abyss:3  | Gained mutation: You are partially covered in molten
                  | scales. (AC +2) [potion of mutation]
 17355 | Abyss:3  | Gained mutation: Your spells are a little easier to cast,
                  | but a little less powerful. [a neqoxec]
 17358 | Abyss:3  | Gained mutation: Potions are less effective at restoring
                  | your health. [a neqoxec]
 17391 | Abyss:3  | Found a corrupted altar of Lugonu.
 17392 | Abyss:3  | Found a corrupted altar of Lugonu.
 17423 | Abyss:4  | Noticed a tentacled starspawn
 17438 | Abyss:4  | Noticed a tentacled starspawn
 17441 | Abyss:4  | Killed a tentacled starspawn
 17441 | Abyss:4  | Reached skill level 17 in Axes
 17443 | Abyss:4  | Paralysed by you for 4 turns
 17451 | Abyss:4  | Killed a tentacled starspawn
 17451 | Abyss:4  | Reached XP level 17. HP: 102/168 MP: 14/14
 17482 | Abyss:4  | Noticed a bone dragon
 17554 | Abyss:4  | Paralysed by accursed screaming for 1 turns
 17586 | Abyss:4  | Got an abyssal rune of Zot
 17602 | D:15     | Escaped the Abyss
 17677 | D:15     | Reached skill level 15 in Fighting
 17683 | D:15     | Found a staircase to the Depths.
 17746 | Depths:1 | Entered Level 1 of the Depths
 17878 | Depths:1 | Noticed Mara
 17896 | Depths:1 | Noticed Flugslaktarn's illusion
 17930 | Depths:1 | Gained mutation: You are clumsy. (Dex -2) [a shining eye]
 17931 | Depths:1 | Gained mutation: Armour fits poorly on your strangely
                  | shaped body. [a shining eye]
 17934 | Depths:1 | Gained mutation: You are frail. (-10% HP) [a shining eye]
 17960 | D:15     | Lost mutation: Your spells are a little easier to cast, but
                  | a little less powerful. [potion of mutation]
 17960 | D:15     | Lost mutation: Armour fits poorly on your strangely shaped
                  | body. [potion of mutation]
 17960 | D:15     | Lost mutation: You possess an exceptional clarity of mind.
                  | [potion of mutation]
 17960 | D:15     | Gained mutation: Your muscles are strong. (Str +2) [potion
                  | of mutation]
 17960 | D:15     | Gained mutation: You are surrounded by a mild repulsion
                  | field. (EV +2) [potion of mutation]
 18155 | Depths:1 | Found a gateway to Hell.
 18643 | Depths:1 | Noticed Flugslaktarn's illusion
 18683 | Depths:1 | Noticed Flugslaktarn's illusion
 18758 | Depths:1 | Noticed Saint Roka
 18799 | Depths:1 | Killed Saint Roka
 18833 | Depths:1 | Noticed a lich
 18846 | Depths:1 | Reached skill level 18 in Axes
 18877 | Depths:1 | Killed a lich
 18877 | Depths:1 | Reached skill level 15 in Invocations
 18907 | Depths:2 | Noticed a lich
 18911 | Depths:2 | Killed a lich
 18911 | Depths:2 | Gained mutation: You passively map a large area around you.
                  | [Deep Dwarf growth]
 18911 | Depths:2 | Reached XP level 18. HP: 162/162 MP: 7/14
 19261 | Depths:3 | Paralysed by an ogre mage for 2 turns
 19282 | Depths:3 | Found a one-way gate leading to the halls of Pandemonium.
 19408 | Depths:4 | Noticed a Tzitzimitl
 19463 | Depths:4 | Found Toust's Demolitions Depot.
 19754 | Depths:5 | Entered Level 5 of the Depths
 19787 | Depths:5 | Noticed a tentacled monstrosity
 19806 | Depths:5 | Killed a tentacled monstrosity
 19917 | Depths:5 | Found a gate to the Realm of Zot.
 19923 | Zot:1    | Entered Level 1 of the Realm of Zot
 20003 | Zot:3    | Reached skill level 15 in Shields
 20003 | Zot:3    | Reached XP level 19. HP: 97/173 MP: 14/14
 20005 | Zot:3    | Reached skill level 15 in Armour
 20179 | Zot:5    | Entered Level 5 of the Realm of Zot
 20213 | Zot:5    | Noticed a Killer Klown
 20213 | Zot:5    | Noticed a Killer Klown
 20213 | Zot:5    | Noticed an orb of fire
 20218 | Zot:5    | Got the Orb of Zot
 20219 | Zot:5    | Paralysed by a Zot trap for 3 turns
 20220 | Zot:5    | Mangled by an Orb Guardian

Illustrated notes

Levels and vault maps discovered:
D:1:      ebering_trefoil_twist, layout_loops_cross
D:2:      layout_rooms, due_unseen_surprise
D:3:      layout_rooms, grunt_temple_overflow_opulence, led_sif_book,
          nicolae_tso_swordbearing_angel, uniq_crazy_yiuf_cottage
D:4:      minmay_skewed_foursquare, layout_rooms, marbit_many_paths,
          minmay_overflow_temple_star_hex, uniq_menkaure, uniq_robin,
          uniq_sigmund
D:5:      layout_rooms, lemuel_crystal_altar, minmay_misc_feat_iff, uniq_grinder
D:6:      layout_basic
D:7:      layout_cave_pods, dancing_weapons_uskayaw, minmay_temple_entry_hall,
          basic_altar, ebering_ghost_xom
D:8:      layout_basic, tgw_trog, grunt_lair_entry_orc_guard_hut, uniq_grum,
          uniq_harold
D:9:      layout_basic, orc_0_dummy, serial_shops, shop,
          minmay_tree_intersection, tgw_fedhas
D:10:     minmay_octagon_keep, layout_stronghold
D:11:     layout_irregular_city
D:12:     minmay_the_grid_triangle_9x9_rhombus_full
          [minmay_the_grid_triangle_9x9_minimal,
          minmay_the_grid_triangle_9x9_swiss_cheese,
          minmay_the_grid_triangle_9x9_sprig,
          minmay_the_grid_triangle_9x9_odd_lines,
          minmay_the_grid_triangle_9x9_from_above,
          minmay_the_grid_triangle_9x9_impossible_snake,
          minmay_the_grid_triangle_9x9_intruding_spiral,
          minmay_the_grid_triangle_9x9_prize_top_heavy], layout_grid_maze,
          serial_shops, nicolae_shop_temple_entry_statues_fountains,
          basic_altar, hellmonk_ghost_happy_afterlife, minmay_fountain_box,
          uniq_fannar
D:13:     layout_long_grid, david_vaults_2
D:14:     layout_stronghold
D:15:     grunt_enter_depths_hoard, layout_rooms, solitary_fountain,
          serial_shops, shop, uniq_josephine
Lair:1:   layout_long_grid, nicolae_quartered_pool_little, minivault_27,
          infiniplex_staircase_pool, grunt_megastairs_1
Lair:2:   layout_regular_city, palyth_hydra_swamp_entry,
          nicolae_spider_entry_tight_spaces
Swamp:1:  layout_basic_swamp, basic_altar, cheibrodos_swamp_slimy
Swamp:2:  layout_basic_swamp, nicolae_swamp_triple_paths
Swamp:3:  layout_basic_swamp, portal_ice_cave_entry_pillars_2,
          gammafunk_ghost_hydra_chop, hangedman_swamp_pad, swamp_pool3
Swamp:4:  swamp_fiery, layout_basic_swamp
Spider:1: layout_spider_delve
Spider:2: layout_spider_delve, uniq_arachne
Spider:3: layout_spider_delve
Spider:4: grunt_spider_rune_circles, uniq_kirke
Orc:1:    layout_caves, basic_altar
Orc:2:    pubby_orc_utopia, serial_shops, uniq_snorg, uniq_sonja
Depths:1: layout_gridlike, minmay_misc_feat_chi, pf_vacation_house_of_asmodeus,
          minivault_10, st_stairs_13, kennysheep_path_1, chequers_big_river,
          nemelex_diamond_rough_becter, uniq_mara, uniq_saint_roka
Depths:2: emtedronai_trogs_sanctum, layout_gridlike, hell_entry,
          rand_demon_pan_entry_8, serial_bayou_shore_b,
          infiniplex_staircase_pillars_1
Depths:3: lemuel_firewalk_3, layout_cave_pools, hell_entry, pan_entry,
          hangedman_glass_teeth, lightli_corner_chamber
Depths:4: hangedman_arch_fort, layout_cave_shapes, dk_noncrumbling_3,
          pf_coc_iceberg, minmay_room_of_horrors, nicolae_blasting_shop
Depths:5: evilmike_zot_entry_diamond, layout_cross, enter_ziggurat_e,
          gammafunk_ghost_cemetery, hell_entry, abyss_entry,
          minmay_stone_trees_large
Zot:1:    layout_gridlike, nicolae_transmutations_shop, skrybe_zot_glass_2
Zot:2:    layout_misc_corridors, st_large_dragon_hoard_3
Zot:3:    layout_concentric_octagons, st_single_dragon_hoard_2
Zot:4:    grunt_zot_stairs_overgrown, layout_cathedral_of_symmetry
Zot:5:    layout_gridlike

Skill      XL: |  1  2  3  4  5  6  7  8  9 10 11 12 13 14 15 16 17 18 19 |
---------------+----------------------------------------------------------+-----
Fighting       | 3 4 5 6 8 9 10 11 12 13 14 15 17 | 17.5
Axes           | 3 4 5 6 8 9 10 11 12 13 14 15 17 18 | 18.0
Armour         | 4 5 6 7 8 9 10 11 12 13 14 15 | 15.2
Shields        | 4 5 6 7 9 10 11 12 13 15 | 15.2
Invocations    | 1 4 5 7 8 9 11 12 14 15 | 15.0
Evocations     | 2 5 7 9 10 | 10.0
Dodging        | 1 4 5 |  5.0

Action                   |  1- 3 |  4- 6 |  7- 9 | 10-12 | 13-15 | 16-18 | 19-21 || total
-------------------------+-------+-------+-------+-------+-------+-------+-------++-------
Melee: War axe           |    84 |   159 |    17 |       |       |       |       ||   260
       Broad axe         |       |       |   288 |   653 |  1060 |  1700 |    67 ||  3768
Invok: Lesser Servant of |       |       |       |     3 |     5 |     2 |       ||    10
       Greater Servant o |       |       |       |       |     3 |       |       ||     3
 Abil: Heal Wounds       |     1 |    10 |    11 |    21 |    18 |    21 |     7 ||    89
Evoke: Tin of tremorston |       |       |       |     3 |     3 |     6 |       ||    12
       Wand              |       |       |       |     4 |     3 |       |       ||     7
       Condenser vane    |       |       |       |     1 |     4 |     5 |     1 ||    11
  Use: Scroll            |       |     9 |     1 |    15 |     9 |    10 |     4 ||    48
       Potion            |       |       |       |       |     3 |     7 |     1 ||    11
 Stab: Confused          |       |       |       |     4 |       |       |       ||     4
       Distracted        |       |       |       |     1 |     2 |     1 |       ||     4
Armor: Scale mail        |    35 |    24 |       |       |       |       |       ||    59
       Chain mail        |       |    72 |   113 |       |       |       |       ||   185
       Plate armour      |       |       |    91 |   596 |   926 |  1235 |    39 ||  2887
Dodge: Dodged            |    32 |    40 |   113 |   264 |   591 |  1063 |    31 ||  2134
Block: Kite shield       |    50 |   112 |   204 |   477 |  1019 |  1660 |    50 ||  3572
       Reflection        |       |       |       |       |    12 |    38 |       ||    50

Table legend: (Time is in decaauts)
 A = Elapsed time spent in this place.
 B = Non-inter-level travel time spent in this place.
 C = Inter-level travel time spent in this place.
 D = Time resting spent in this place.
 E = Time spent auto-exploring this place.
 F = Levels seen in this place.
 G = Mean time per level.
                   A        B        C        D        E       F      G
               +--------+--------+--------+--------+--------+-----+--------+
         Total |  20105 |  17801 |   2304 |    173 |  10683 |  39 |  515.5 |
       Dungeon |  11870 |  10426 |   1444 |     96 |   7071 |  15 |  791.3 |
          Lair |   1312 |    990 |    322 |      0 |    746 |   2 |  656.0 |
         Swamp |   1135 |    920 |    215 |      3 |    404 |   4 |  283.8 |
   Spider Nest |   1602 |   1425 |    177 |     40 |    450 |   4 |  400.5 |
  Orcish Mines |   1730 |   1657 |     73 |      0 |   1029 |   2 |  865.0 |
        Depths |   1935 |   1892 |     43 |      0 |    905 |   5 |  387.0 |
           Zot |    270 |    242 |     28 |     20 |     50 |   5 |   54.0 |
         Abyss |    250 |    250 |      0 |     14 |     27 |   2 |  125.0 |
               +--------+--------+--------+--------+--------+-----+--------+

Top non-repeatable levels by time:
    D:12: 1757 daAuts
   Orc:2: 1420 daAuts
     D:9: 1166 daAuts
  Lair:2: 1155 daAuts
    D:10: 1097 daAuts
Depths:1: 1035 daAuts
     D:8: 959 daAuts
     D:3: 925 daAuts
    D:13: 859 daAuts
     D:7: 799 daAuts
    D:14: 747 daAuts
    D:15: 700 daAuts
     D:4: 690 daAuts
    D:11: 664 daAuts
Spider:4: 644 daAuts
